 Dungeon Crawl Stone Soup version 0.28-a0-697-g47f3eba078 (webtiles) character file.

Game seed: 16753420253131103937

359 KoroneIsBestGirl the Chiller (level 6, 0/41 HPs)
             Began as a Barachi Ice Elementalist on Oct 23, 2021.
             Constricted to death by a ball python (1 damage)
             ... on level 4 of the Dungeon.
             The game lasted 00:05:36 (5245 turns).

KoroneIsBestGirl the Chiller (BaIE)                 Turns: 5245, Time: 00:05:37

Health: 0/41       AC:  3    Str:  9    XL:     6   Next: 65%
Magic:  12/12      EV: 10    Int: 17    God:
Gold:   123        SH:  0    Dex: 13    Spells: 9/13 levels left

rFire   . . .      SeeInvis .   o - staff of earth
rCold   . . .      Faith    .   (no shield)
rNeg    . . .      Spirit   .   a - +0 robe
rPois   .          Reflect  .   (no helmet)
rElec   .          Harm     .   i - +0 cloak
rCorr   .          Rampage  .   (no gloves)
Will    +....                   (no boots)
Stlth   ++........              (no amulet)
HPRegen 0.13/turn               m - ring of willpower
MPRegen 0.13/turn               (no ring)

@: constricted, slow
A: amphibious, slowness 1, strong legs 1, +LOS
a: Hop


You were on level 4 of the Dungeon.
You visited 2 branches of the dungeon, and saw 5 of its levels.

You collected 123 gold pieces.

Inventory:

Hand Weapons
 c - a +0 dagger
Armour
 a - a +0 robe (worn)
 i - a +0 cloak (worn)
Magical Staves
 o - a staff of earth (weapon)
Jewellery
 m - a ring of willpower (left hand)
Wands
 j - a wand of charming (6)
Scrolls
 e - a scroll of fog
 f - a scroll of holy word {unknown}
 g - a scroll of immolation
 h - a scroll of fear
 k - a scroll of acquirement
 l - a scroll of silence
 n - a scroll of amnesia {unknown}
 q - a scroll of blinking {unknown}
Potions
 b - a potion of ambrosia {unknown}
 d - a potion of mutation {unknown}
 p - a potion of haste {unknown}


   Skills:
 + Level 4.6 Dodging
 - Level 1.7 Stealth
 + Level 4.3 Spellcasting
 + Level 6.6 Ice Magic


You had 9 spell levels left.
You knew the following spells:

 Your Spells              Type           Power      Damage    Failure   Level
a - Freeze                Ice            100%       1d11      1%          1
b - Frozen Ramparts       Ice            52%        1d7       3%          3

Your spell library contained the following spells:

 Spells                   Type           Power      Damage    Failure   Level
 Ozocubu's Armour         Ice            26%        N/A       3%          3
 Ensorcelled Hibernation  Hex/Ice        28%        N/A       6%          2
 Pain                     Necr           12%        1d4       16%         1
 Static Discharge         Conj/Air       3%         N/A       22%         2
 Hailstorm                Conj/Ice       14%        3d5       36%         4
 Tukima's Dance           Hex            3%         N/A       41%         3
 Dispel Undead            Necr           3%         3d7       83%         4
 Sticky Flame             Conj/Fire      3%         2d3       83%         4
 Agony                    Necr           3%         N/A       99%         5
 Excruciating Wounds      Necr           1%         N/A       99%         5


Dungeon Overview and Level Annotations

Branches:
Dungeon (4/15)             Temple (1/1) D:4

Altars:
Ashenzari
Cheibriados
Dithmenos
Elyvilon
Fedhas
Hepliaklqana
Nemelex Xobeh
Okawaru
Qazlal
Ru
Wu Jian
Xom
The Shining One

Shops:
D:4 *


Innate Abilities, Weirdness & Mutations

You are amphibious.
You cover ground slowly.
You can hop short distances.
You have an extended range of vision and can be seen from far away.


Message History

You freeze the ogre!
The ogre is almost dead.
The ogre hits you with a +0 giant club!!
Ouch! That really hurt!
* * * LOW HITPOINT WARNING * * *
You are too injured to fight recklessly!
You are too injured to fight recklessly!
You are too injured to fight recklessly!
The endoplasm quivers.
A ball python comes into view.
The ball python hisses angrily.
The ball python misses you. The ball python grabs you.
The ball python constricts you. The ball python barely misses you.
The ball python constricts you. The ball python closely misses you.
The ball python constricts you. The ball python barely misses you.
The ball python constricts you. The ball python bites you.
* * * LOW HITPOINT WARNING * * *
The ball python constricts you. The ball python bites you.
* * * LOW HITPOINT WARNING * * *
The ball python constricts you. The ball python bites you.
* * * LOW HITPOINT WARNING * * *
The ball python constricts you. The ball python closely misses you.
The ball python constricts you.
* * * LOW HITPOINT WARNING * * *
The ball python barely misses you. The ball python constricts you.
The ball python bites you but does no damage.
The ball python constricts you.
* * * LOW HITPOINT WARNING * * *
The ball python bites you.
* * * LOW HITPOINT WARNING * * *
The ball python constricts you.
* * * LOW HITPOINT WARNING * * *
The ball python bites you.
* * * LOW HITPOINT WARNING * * *
The ball python constricts you.
The ball python bites you but does no damage.
The ball python constricts you.
You die...

##.....##....#..## ...
###.......÷....#...# ....
#..................#
...##......≈≈≈≈≈.........
. ...#...J≈≈≈≈≈≈≈≈≈....##.
..##....≈≈≈≈≈≈≈≈≈≈≈≈≈..# #
.......≈≈≈≈≈≈...≈≈≈≈≈≈.###
.......≈≈≈≈≈≈.>.≈≈≈≈≈≈....
#......≈≈@≈≈≈...≈≈≈≈≈≈....
#......≈≈S≈≈≈≈≈≈≈≈≈≈≈≈.#..
#......O≈≈≈≈≈≈≈≈≈≈≈≈≈..##.
#.........≈)≈≈≈≈≈≈≈....#..
....#.......≈≈≈≈≈......##.
#>. #..................#..
## #.....###..###.....#.#
##...## #..# ....##..
...### #..# ...##..


You could see an ogre, an endoplasm and a ball python.

Vanquished Creatures
  A black bear (D:4)
  A scorpion (D:4)
  A water moccasin skeleton (D:4)
  A hound (D:4)
  Ijyb (D:3)
  Robin (D:3)
  2 adders (D:3)
  An adder skeleton (D:4)
  2 worms (D:2)
  4 dart slugs
  4 ball pythons
  4 bats
  5 endoplasms
  2 giant cockroaches
  12 goblins
  11 hobgoblins
  8 kobolds
  2 quokkas
  6 frilled lizards
  4 rats
73 creatures vanquished.

Notes
Turn   | Place    | Note
-------+----------+-------------------------------------------
     0 | D:1      | KoroneIsBestGirl the Barachi Ice Elementalist began the
                  | quest for the Orb.
     0 | D:1      | Reached XP level 1. HP: 13/13 MP: 3/3
    32 | D:1      | Reached skill level 5 in Ice Magic
    32 | D:1      | Reached XP level 2. HP: 9/19 MP: 0/5
  1001 | D:1      | Reached XP level 3. HP: 24/24 MP: 5/7
  1398 | D:2      | Learned a level 3 spell: Frozen Ramparts
  2533 | D:3      | Noticed Ijyb
  2540 | D:3      | Killed Ijyb
  2541 | D:3      | Reached XP level 4. HP: 27/30 MP: 1/8
  3113 | D:3      | Found a faded altar of an unknown god.
  3153 | D:3      | Noticed Robin
  3165 | D:3      | Killed Robin
  3166 | D:3      | Reached XP level 5. HP: 22/35 MP: 2/10
  3434 | D:3      | Identified a scroll of acquirement
  3822 | D:4      | Found a broken altar of Ashenzari.
  3845 | D:4      | Reached skill level 6 in Ice Magic
  3930 | D:4      | Noticed an ogre
  4654 | D:4      | Reached XP level 6. HP: 32/41 MP: 10/12
  4819 | D:4      | Found Haurghups's General Store.
  4988 | D:4      | Found a staircase to the Ecumenical Temple.
  4990 | D:4      | Noticed a black bear
  4998 | D:4      | Killed a black bear
  5006 | Temple   | Entered the Ecumenical Temple
  5244 | D:4      | HP: 1/41 [ball python (2)]
  5245 | D:4      | Constricted to death by a ball python

Illustrated notes

Levels and vault maps discovered:
D:1:      erik_arrival_blinker_ship, layout_loops_ring, kennysheep_doodads,
          roderic_serpentine_path
D:2:      layout_basic
D:3:      layout_basic, hellmonk_ecumenical_altar_heavens_door, eino_curves_03,
          uniq_ijyb, uniq_robin
D:4:      layout_cave_pools, mainiacjoe_overflow_tiny_flanked, temple_pool_b,
          serial_shops, shop_statue
Temple:   nicolae_temple_x_marks_the_god

Skill      XL: |  1  2  3  4  5 |
---------------+----------------+-----
Ice Magic      | 5 6 |  6.6
Dodging        | 3 4 |  4.6
Spellcasting   | 3 4 |  4.3
Stealth        | |  1.7

Action                   |  1- 3 |  4- 6 || total
-------------------------+-------+-------++-------
Melee: Unarmed           |     6 |       ||     6
       Dagger            |    15 |     2 ||    17
       Staff             |       |    26 ||    26
 Cast: Freeze            |    64 |    47 ||   111
       Frozen Ramparts   |     1 |     3 ||     4
 Abil: Hop               |     1 |     1 ||     2
  Use: Scroll            |     3 |     2 ||     5
Armor: Robe              |    11 |    20 ||    31
Dodge: Dodged            |    49 |    74 ||   123

Table legend: (Time is in decaauts)
 A = Elapsed time spent in this place.
 B = Non-inter-level travel time spent in this place.
 C = Inter-level travel time spent in this place.
 D = Time resting spent in this place.
 E = Time spent auto-exploring this place.
 F = Levels seen in this place.
 G = Mean time per level.
                   A        B        C        D        E       F      G
               +--------+--------+--------+--------+--------+-----+--------+
         Total |   5751 |   5521 |    230 |    819 |   3981 |   5 | 1150.2 |
       Dungeon |   5615 |   5422 |    193 |    819 |   3889 |   4 | 1403.8 |
        Temple |    136 |     99 |     37 |      0 |     92 |   1 |  136.0 |
               +--------+--------+--------+--------+--------+-----+--------+

Top non-repeatable levels by time:
     D:3: 2205 daAuts
     D:1: 1454 daAuts
     D:2: 1207 daAuts
     D:4: 748 daAuts
  Temple: 136 daAuts
